 Dungeon Crawl Stone Soup version 0.22-a0-166-g5351223 (console) character file.

5971 Duffy the Arsonist (level 10, -2/59 HPs)
             Began as a Deep Elf Fire Elementalist on Feb 13, 2018.
             Was a Priest of Vehumet.
             Killed by divine providence
             ... invoked by an orc priest
              (15 damage)
             ... on level 9 of the Dungeon.
             The game lasted 00:17:22 (12089 turns).

Duffy the Arsonist (Deep Elf Fire Elementalist)    Turns: 12089, Time: 00:17:23

Health: -2/59      AC:  8    Str:  5    XL:     10   Next: 55%
Magic:  13/23      EV: 16    Int: 24    God:    Vehumet [***...]
Gold:   431        SH:  9    Dex: 15    Spells: 8/24 levels left

rFire    . . .     SeeInvis .   e - +3 morningstar (holy)
rCold    + . .     Gourm    .   t - +2 buckler
rNeg     + + .     Faith    .   y - +2 robe {rN+}
rPois    .         Spirit   .   b - +1 helmet
rElec    .         Reflect  +   (no cloak)
rCorr    .         Harm     .   (no gloves)
MR       +....                  (no boots)
Stlth    ++........             g - +2 amulet of reflection
HPRegen  0.19/turn              j - ring of protection from cold
MPRegen  0.18/turn              s - ring of positive energy

@: no status effects
A: molten scales 1, no potion heal 1
a: Renounce Religion


You were on level 9 of the Dungeon.
You worshipped Vehumet.
Vehumet was most pleased with you.
You were not hungry.

You visited 2 branches of the dungeon, and saw 10 of its levels.
You also visited: Sewer.

You collected 431 gold pieces.

Inventory:

Hand Weapons
 e - a +3 morningstar of holy wrath (weapon)
Missiles
 f - a throwing net (quivered)
Armour
 b - a +1 helmet (worn)
 t - a +2 buckler (worn)
 y - a +2 robe of positive energy (worn)
Jewellery
 g - a +2 amulet of reflection (around neck)
 j - a ring of protection from cold (left hand)
 s - a ring of positive energy (right hand)
Wands
 w - a wand of flame (30)
 x - a wand of iceblast (9)
Scrolls
 a - a scroll of immolation {unknown}
 d - 2 scrolls of teleportation
 i - a scroll of noise {unknown}
 k - 3 scrolls of remove curse
 p - a scroll of enchant armour
 r - a scroll of amnesia
 u - 3 scrolls of magic mapping
 v - a scroll of fog {unknown}
 A - a scroll of fear {unknown}
Potions
 h - 4 potions of heal wounds
 l - 6 potions of curing
 m - 2 potions of resistance
 n - a potion of flight {unknown}
 o - 3 potions of lignification
 q - a potion of ambrosia {unknown}
 z - a potion of brilliance {unknown}
Comestibles
 c - 18 rations


   Skills:
 - Level 5.1 Fighting
 - Level 6.2 Dodging
 - Level 2.4 Stealth
 - Level 4.0 Shields
 + Level 7.8 Spellcasting
 * Level 9.3 Conjurations
 * Level 9.4 Fire Magic


You had 8 spell levels left.
You knew the following spells:

 Your Spells              Type           Power        Failure   Level  Hunger
a - Flame Tongue          Conj/Fire      #####        1%          1    None
j - Sticky Flame          Conj/Fire      ######..     1%          4    ###....
k - Fireball              Conj/Fire      ######....   1%          5    #####..
l - Conjure Flame         Conj/Fire      ######..     1%          3    None
y - Regeneration          Chrm/Necr      #.........   21%         3    None


Dungeon Overview and Level Annotations

Branches:
Dungeon (9/15)             Temple (1/1) D:5            Lair (0/6) D:8
    Orc (0/2) D:9

Altars:
Ashenzari
Cheibriados
Dithmenos
Elyvilon
Fedhas
Gozag
Hepliaklqana
Kikubaaqudgha
Makhleb
Nemelex Xobeh
Okawaru
Qazlal
Ru
Sif Muna
Trog
Uskayaw
Vehumet
Wu Jian
Xom
Yredelemnul
Zin
The Shining One

Annotations:
D:3 1 runed door, exclusion: oklob plant
D:6 exclusion: crimson imp


Innate Abilities, Weirdness & Mutations

You are partially covered in molten scales. (AC +2)
Potions are less effective at restoring your health.


Message History

The bullfrog hits you but does no damage.
The orc wizard casts a spell.
The orc wizard blinks!
The orc wizard gestures at you while chanting.
You easily resist.
The orc wizard hits you with an enchanted dagger.
An orc wizard comes into view. It is wielding a demon blade.
The orc wizard mumbles some strange words.
The orc wizard blinks!
The orc wizard points at you and mumbles some strange words.
The magic dart hits you! You block the bullfrog's attack.
The orc wizard casts a spell.
The orc wizard blinks!
You block the orc wizard's attack. The bullfrog hits you.
The orc wizard misses you.
The orc wizard points at you and mumbles some strange words.
You easily resist.
The bullfrog hits you.
The orc priest invokes the aid of Beogh against you.
Beogh smites you!
You die...

...####..00~~~~ ~~~
.........00~~ ~~~
#....o...00 ... #........##
#. ... #......o..#### #. #.
... .......)o....#
#.##.########
...###..0.o#.###...........#
. #....F...p..# #.......#
#.####@####.###.......#
#.##.....##..##........
..###.#.......#.........%..
#.....#.....).#..##........
#........._.....###....)..#
#.....#.......#.###....)[.#
#.....#.......#..##....%[.#
#.....##.....##..##.......#
#.....####.####..##########


You could see a bullfrog, an orc priest, 3 orc wizards and a neutral freed slave
(wandering).

Vanquished Creatures
  The ghost of Amnesiac the Geomancer, a novice SpEE of Ashenzari (D:7)
  Pikel (D:9)
  A komodo dragon (D:8)
  A hippogriff (D:8)
  Sigmund (D:5)
  2 wyverns (D:9)
  Eustachio (D:5)
  2 hungry ghosts
  A water moccasin (D:8)
  6 orc warriors
  A slave (D:9)
  2 sky beasts (D:5)
  A phantom (D:7)
  6 ogres
  A centaur (D:5)
  4 big kobolds (Sewer)
  Blork the orc (D:6)
  A bullfrog (D:7)
  2 scorpions
  A water moccasin skeleton (D:6)
  3 killer bees (D:8)
  A howler monkey (D:4)
  An electric eel (D:9)
  4 crimson imps
  2 bullfrog zombies
  A quasit (D:6)
  2 bullfrog skeletons
  A hound (D:6)
  A gnoll shaman (D:4)
  7 orc priests
  Ijyb (D:5)
  2 iguanas
  9 orc wizards
  8 worker ants
  A hound zombie (D:7)
  A hound skeleton (D:5)
  2 worker ant zombies
  A howler monkey skeleton (D:6)
  8 adders
  7 gnolls
  4 river rats (Sewer)
  3 shadow imps
  5 oozes
  An adder skeleton (D:7)
  2 adder zombies
  6 worms
  3 dart slugs
  5 leopard geckos
  39 orcs
  6 ball pythons
  9 bats
  7 giant cockroaches
  4 goblins
  7 hobgoblins
  3 jackals (D:1)
  5 quokkas
  2 frilled lizards
  A jackal skeleton (D:5)
  9 kobolds
  A leopard gecko skeleton (D:6)
  A quokka skeleton (D:8)
  7 rats
230 creatures vanquished.

Vanquished Creatures (others)
  An orc priest (D:9)
  An adder (D:9)
  2 orcs (D:9)
  2 plants (D:8)
  14 toadstools (D:3)
20 creatures vanquished.

Grand Total: 250 creatures vanquished

Notes
Turn   | Place    | Note
-------+----------+-------------------------------------------
     0 | D:1      | Duffy the Deep Elf Fire Elementalist began the quest for the Orb.
     0 | D:1      | Reached XP level 1. HP: 10/10 MP: 6/6
   153 | D:1      | Reached XP level 2. HP: 15/15 MP: 5/8
   882 | D:2      | Reached XP level 3. HP: 19/19 MP: 4/9
   894 | D:2      | Learned a level 3 spell: Conjure Flame
  1003 | D:2      | Found a stormy altar of Qazlal.
  1554 | D:3      | Reached XP level 4. HP: 24/24 MP: 0/11
  1675 | D:3      | Learned a level 4 spell: Sticky Flame
  1867 | D:3      | Found a blossoming altar of Fedhas.
  2063 | D:3      | Reached XP level 5. HP: 28/28 MP: 10/12
  2186 | D:3      | Found a glowing silver altar of Zin.
  2186 | D:3      | Noticed an angel
  2187 | D:3      | Found a runed door.
  2299 | D:3      | Found a snail-covered altar of Cheibriados.
  2666 | D:3      | Noticed an oklob plant
  2952 | D:4      | Reached skill level 5 in Fire Magic
  2952 | D:4      | Reached XP level 6. HP: 32/32 MP: 9/14
  3018 | D:4      | Reached skill level 5 in Conjurations
  3039 | D:4      | Found a glowing golden altar of the Shining One.
  3240 | D:4      | Learned a level 3 spell: Regeneration
  3648 | D:5      | Entered Level 5 of the Dungeon
  3664 | D:5      | Noticed Sigmund
  3706 | D:5      | Noticed a sky beast
  3711 | D:5      | Killed a sky beast
  3711 | D:5      | Reached skill level 1 in Fighting
  3711 | D:5      | Reached skill level 1 in Shields
  3813 | D:5      | Found a glowing drain.
  3834 | Sewer    | Entered a sewer
  3971 | Sewer    | Reached XP level 7. HP: 36/38 MP: 11/15
  5292 | D:5      | Reached XP level 8. HP: 45/45 MP: 7/16
  5411 | D:5      | Found a staircase to the Ecumenical Temple.
  5420 | Temple   | Entered the Ecumenical Temple
  5571 | D:5      | Noticed Ijyb
  5581 | D:5      | Killed Ijyb
  5671 | D:5      | Noticed Eustachio
  5703 | D:5      | Reached skill level 5 in Dodging
  5806 | D:5      | Killed Eustachio
  5970 | D:5      | Killed Sigmund
  6119 | D:5      | Found a radiant altar of Vehumet.
  6188 | D:5      | Became a worshipper of Vehumet
  6509 | D:6      | Found a hide-covered altar of Uskayaw.
  6559 | D:6      | Found a shattered altar of Ashenzari.
  6614 | D:6      | Found a shimmering altar of Xom.
  6616 | D:6      | Found a sparkling altar of Nemelex Xobeh.
  6726 | D:6      | Found a glowing golden altar of the Shining One.
  6727 | D:6      | Found a burning altar of Makhleb.
  6867 | D:6      | Reached skill level 5 in Fighting
  7184 | D:6      | Noticed Blork the orc
  7191 | D:6      | Killed Blork the orc
  7200 | D:6      | Reached XP level 9. HP: 48/54 MP: 1/17
  7325 | D:6      | Learned a level 5 spell: Fireball
  7336 | D:6      | Got a brightly glowing leather armour
  7369 | D:5      | Identified the cursed +0 leather armour of the King {Str+2} (You found it on level 6 of the Dungeon)
  7588 | D:6      | Found a glowing silver altar of Zin.
  7787 | D:7      | Noticed Amnesiac's ghost (novice SpEE)
  7884 | D:7      | Killed Amnesiac's ghost
  7884 | D:7      | Reached skill level 5 in Spellcasting
  8346 | D:7      | Gained mutation: Potions are less effective at restoring your health. [potion of mutation]
  8346 | D:7      | Gained mutation: You are partially covered in molten scales. (AC +2) [potion of mutation]
  8353 | D:7      | Reached * piety under Vehumet
  8353 | D:7      | Offered knowledge of Magic Dart by Vehumet.
  9627 | D:7      | Found a hazy altar of Hepliaklqana.
 10589 | D:8      | Found a staircase to the Lair.
 10590 | D:8      | Noticed a komodo dragon
 10627 | D:8      | Killed a komodo dragon
 10627 | D:8      | Offered knowledge of Searing Ray by Vehumet.
 10627 | D:8      | Reached XP level 10. HP: 59/59 MP: 9/22
 10716 | D:8      | Reached ** piety under Vehumet
 11542 | D:9      | Found a staircase to the Orcish Mines.
 11750 | D:9      | Noticed Pikel
 11754 | D:9      | Offered knowledge of Dazzling Spray by Vehumet.
 11754 | D:9      | Killed Pikel
 11900 | D:9      | Found a sacrificial altar of Ru.
 12085 | D:9      | Reached *** piety under Vehumet
 12089 | D:9      | Killed from afar by an orc priest

Vault maps used:
D:1:      minmay_arrival_plants_in_alcoves, grunt_decor_fettered,
          kennysheep_boxes
D:2:      nicolae_overflow_crystal_walls
D:3:      tgw_fedhas, marbit_many_paths, hex_tiny, lemuel_angel_altar
D:4:      tso_metal_star
D:5:      vehumet_altar_wand_db, minmay_temple_entry_mist, first_ration,
          cheibrodos_sewer_entry_bend, minmay_small_thing, uniq_eustachio,
          uniq_sigmund, uniq_ijyb
D:6:      grunt_temple_overflow_open, kennysheep_mini, uniq_blork_the_orc
D:7:      lemuel_coloured_pillars_altar, grunt_ogre_cave,
          minmay_misc_feat_ornament
D:8:      cheibrodos_iron_armory, david_lair_shrubbed
D:9:      old_standard_altar, erik_orc_2, david_defended_altar_orc, uniq_pikel
Temple:   dpeg_three_leaves_temple
Sewer:    sewer_co_tree

Skill      XL: |  1  2  3  4  5  6  7  8  9 10 |
---------------+-------------------------------+-----
Conjurations   | 2 3 4 5 8 9 |  9.3
Fire Magic     | 4 5 8 9 |  9.4
Spellcasting   | 4 6 7 |  7.8
Fighting       | 1 2 5 |  5.1
Dodging        | 3 4 6 |  6.2
Shields        | 2 3 4 |  4.0
Stealth        | |  2.4

Action                   |  1- 3 |  4- 6 |  7- 9 | 10-12 || total
-------------------------+-------+-------+-------+-------++-------
Melee: Morningstar       |       |       |    10 |    11 ||    21
 Cast: Flame Tongue      |    65 |    58 |   234 |    96 ||   453
       Conjure Flame     |     1 |       |    12 |       ||    13
       Sticky Flame      |       |     5 |    24 |     7 ||    36
       Fireball          |       |       |       |    14 ||    14
Evoke: Wand              |       |       |     5 |       ||     5
  Use: Scroll            |       |       |    12 |     4 ||    16
       Potion            |       |       |     1 |       ||     1
  Eat: Chunk             |     2 |     8 |    19 |     4 ||    33
       Ration            |       |       |     2 |     1 ||     3
Armor: Robe              |     3 |     2 |    37 |     9 ||    51
Dodge: Dodged            |    16 |     9 |    92 |    25 ||   142
Block: Buckler           |       |     1 |    54 |    28 ||    83

Table legend:
 A = Spawn XP
 B = Non-spawn XP
 C = Spawn XP percentage of total XP
 D = Spawn monster count
 E = Non-spawn monster count
 F = Spawn count percentage of total count
 G = Total turns spent on level
                    A         B        C        D         E        F      G
               +---------+---------+-------+---------+---------+-------+---------
         Total |       0 |    8531 |   0.0 |       0 |     229 |   0.0 | 12089
               +---------+---------+-------+---------+---------+-------+---------
           D:1 |       0 |      40 |   0.0 |       0 |      23 |   0.0 |   873
           D:2 |       0 |      36 |   0.0 |       0 |       9 |   0.0 |   584
           D:3 |       0 |     148 |   0.0 |       0 |      20 |   0.0 |  1269
           D:4 |       0 |     262 |   0.0 |       0 |      10 |   0.0 |  1510
           D:5 |       0 |    1114 |   0.0 |       0 |      26 |   0.0 |  1229
           D:6 |       0 |     995 |   0.0 |       0 |      26 |   0.0 |  1685
           D:7 |       0 |    1498 |   0.0 |       0 |      18 |   0.0 |  1635
           D:8 |       0 |    1201 |   0.0 |       0 |      21 |   0.0 |  1236
           D:9 |       0 |    2709 |   0.0 |       0 |      48 |   0.0 |  1065
         Sewer |       0 |     528 |   0.0 |       0 |      28 |   0.0 |   909
               +---------+---------+-------+---------+---------+-------+---------
